AoeStats
← tensorstage

Arena

506304593Analyzed
2v2 RM · 20d ago on Sep 13, 2026· 75m 30s· 4 players
Game mode
Random Map
Map size
Medium (4 player)
Population
200
Speed
Normal
Resources
Standard
Victory
Conquest
Starting age
Dark Age
Ending age
Imperial Age
RankedLock teamsTeams togetherTeam positionsShared explorationLock speedFull tech treeHidden civsTurbo modeCheats
Victory
Defeat
🇮🇳 Franks · India
393
+16
🇮🇳 Persians · India
352
+17
🇭🇰 Franks · Hong Kong SAR China
400
-17
🇪🇸 Turks · Spain
362
-16
416472309
8:00 Loom
12:24 Feudal Age
13:44 Wheelbarrow
13:00 Double-Bit Axe
14:40 Town Watch
15:00 Gold Mining
18:07 Stone Mining
20:46 Castle Age
19:44 Fletching
21:43 Hand Cart
21:47 Bow Saw
23:11 Forging
24:30 Gold Shaft Mining
26:55 Fortified Wall
29:02 Murder Holes
29:28 Ballistics
37:57 Bodkin Arrow
44:01 Imperial Age
52:18 Arrowslits
61:07 #83
popcorn6856
6:29 Loom
11:31 Feudal Age
12:19 Double-Bit Axe
13:43 Wheelbarrow
16:38 Horse Collar
24:26 Castle Age
24:43 Gold Mining
24:57 Stone Mining
26:01 Bow Saw
26:31 Gold Shaft Mining
27:55 Heavy Plow
32:53 Imperial Age
30:48 Hand Cart
30:19 Town Watch
31:08 Caravan
32:17 Coinage
33:07 Squires
32:54 Arson
35:42 Bombard Tower
35:15 Guard Tower
35:36 Masonry
35:38 Fortified Wall
35:50 Ballistics
38:45 Heated Shot
38:36 Treadmill Crane
39:27 Architecture
39:33 Keep
38:48 Arrowslits
41:03 Sipahi
43:10 Two-Man Saw
42:49 Conscription
42:54 Town Patrol
45:02 Hoardings
51:10 Artillery
50:31 Elite Janissary
54:20 Sappers
54:58 Heavy Scorpion
58:46 Heavy Camel Rider
unfathomd
1:01 Loom
11:33 Feudal Age
12:52 Wheelbarrow
12:05 Double-Bit Axe
18:46 Castle Age
17:09 Scale Barding Armor
20:43 Gold Mining
20:45 Stone Mining
22:27 Chain Barding Armor
24:12 Bow Saw
29:17 Hand Cart
38:43 Fletching
42:26 Forging
42:17 Padded Archer Armor
42:19 Scale Mail Armor
45:39 Imperial Age
47:12 Capped Ram
48:22 Cavalier
49:03 Husbandry
50:23 Caravan
53:47 Gold Shaft Mining
54:26 Chemistry
53:23 Murder Holes
53:49 Ballistics
54:38 Heavy Scorpion
56:00 Town Watch
57:24 Town Patrol
69:34 Onager
tensorstage
6:12 Loom
9:17 Feudal Age
12:28 Wheelbarrow
11:40 Town Watch
12:43 Horse Collar
13:11 Double-Bit Axe
22:22 Castle Age
21:37 Forging
22:25 Scale Mail Armor
22:30 Scale Barding Armor
22:27 Padded Archer Armor
22:34 Fletching
23:16 Heavy Plow
23:43 Bow Saw
25:27 Town Patrol
26:04 Hand Cart
31:19 Iron Casting
31:00 Chain Mail Armor
31:06 Chain Barding Armor
31:02 Leather Archer Armor
31:01 Bodkin Arrow
33:14 Kamandaran
35:43 Thumb Ring
38:16 Crossbowman
45:33 Imperial Age
43:04 Gold Mining
43:05 Stone Mining
44:38 Masonry
44:19 Heated Shot
44:26 Murder Holes
44:23 Guard Tower
47:06 Conscription
46:17 Sappers
47:23 Hoardings
46:09 Elite War Elephant
47:17 Citadels
48:14 Bloodlines
47:25 Light Cavalry
52:35 Chemistry
51:55 Ballistics
52:06 Architecture
52:41 Blast Furnace
52:12 Plate Mail Armor
52:18 Plate Barding Armor
52:14 Ring Archer Armor
52:27 Stone Shaft Mining
52:27 Gold Shaft Mining
52:25 Crop Rotation
53:01 Two-Man Saw
52:05 Capped Ram
54:40 Siege Ram
66:11 Hussar
Connection lost

Rejoining the realm…

Still unreachable

The connection could not be restored.

Session expired

The server has moved on; the page needs a fresh start.